 Dungeon Crawl Stone Soup version 0.25.1-2-g60ff931df9 (webtiles) character file.

Game seed: 11297592799980227835

26 Ivernyr the Chiller (level 3, -1/17 HPs)
             Began as a Vine Stalker Ice Elementalist on Oct 19, 2020.
             Slain by a gnoll (4 damage)
             ... on level 2 of the Dungeon.
             The game lasted 00:02:40 (1345 turns).

Ivernyr the Chiller (Vine Stalker Ice Elementalist) Turns: 1345, Time: 00:02:40

Health: -1/17      AC:  2    Str: 10    XL:     3   Next: 8%
Magic:  0/7        EV: 12    Int: 16    God:
Gold:   27         SH:  0    Dex: 14    Spells: 6/7 levels left

rFire    . . .     SeeInvis .   f - +0 short sword (holy)
rCold    . . .     Gourm    .   (no shield)
rNeg     . . .     Faith    .   a - +0 robe
rPois    .         Spirit   +   (no helmet)
rElec    .         Reflect  .   (no cloak)
rCorr    .         Harm     .   (no gloves)
MR       .....                  (no boots)
Stlth    ++........             (no amulet)
HPRegen  0.05/turn              (no ring)
MPRegen  0.10/turn              (no ring)

@: no status effects
A: fangs 2, magic shield, antimagic bite, no potion heal 3, rot immunity
a: no special abilities


You were on level 2 of the Dungeon.
You were not hungry.

You visited 1 branch of the dungeon, and saw 2 of its levels.

You collected 27 gold pieces.

Inventory:

Hand Weapons
 f - a +0 short sword of holy wrath (weapon)
Armour
 a - a +0 robe (worn)
Scrolls
 b - a scroll of fog {unknown}
 d - 2 scrolls of remove curse {unknown}
 e - 2 scrolls of teleportation {unknown}
Comestibles
 c - 4 rations


   Skills:
 + Level 0.8 Fighting
 + Level 1.9 Dodging
 - Level 2.4 Stealth
 + Level 2.5 Spellcasting
 * Level 4.4 Ice Magic


You had 6 spell levels left.
You knew the following spells:

 Your Spells              Type           Power        Failure   Level  Hunger
a - Freeze                Ice            ###.         3%          1    #......

Your spell library contained the following spells:

 Spells                   Type           Power        Failure   Level  Hunger
 Frozen Ramparts          Ice            ###...       10%         3    ###....
 Ozocubu's Armour         Chrm/Ice       #.......     24%         3    ###....
 Hailstorm                Conj/Ice       #.......     63%         4    #####..
 Summon Ice Beast         Ice/Summ       #.......     63%         4    #####..


Dungeon Overview and Level Annotations

Branches:
Dungeon (2/15)

Altars:
Okawaru
Vehumet


Innate Abilities, Weirdness & Mutations

You have extremely sharp teeth.
When hurt, damage is shared between your health and your magic reserves.
Your bite disrupts and absorbs the magic of your enemies.
Potions cannot restore your health.
You are immune to rotting.


Message History

Casting: Freeze (safe; 3% risk of failure)
Confirm with . or Enter, or press ? or * to list all spells.
Aiming: Freeze (safe; 3% risk of failure)
Press: ? - help, Shift-Dir - straight line, f - gnoll
Aim: a gnoll, quivering 5 stones You freeze the gnoll.
The gnoll is lightly wounded.
The hobgoblin throws a stone.
The stone hits you but does no damage. The gnoll hits you.
The kobold throws a stone.
The stone closely misses you.
The gnoll throws a stone.
The stone hits you.
* * * LOW HITPOINT WARNING * * *
Casting: Freeze (safe; 3% risk of failure)
Confirm with . or Enter, or press ? or * to list all spells.
Aiming: Freeze (safe; 3% risk of failure)
Press: ? - help, Shift-Dir - straight line, f/p - gnoll
Aim: a gnoll, quivering 5 stones (lightly wounded)
You freeze the gnoll.
The gnoll is moderately wounded.
The gnoll hits you.
You die...

## # .#g#.##
###g≈≈≈g≈#
#(@..K..._
#(#g≈≈K≈≈#
##########.##.#.#.#
#..........# ## #
#..........#
#..........#
#..........#
#..........#
#..........#


You could see 2 gnolls, 2 hobgoblins and 2 kobolds.

Vanquished Creatures
  An adder (D:2)
  2 giant cockroaches (D:1)
  2 hobgoblins
  3 jackals (D:1)
  3 kobolds
  A quokka (D:2)
  2 bats (D:1)
  2 rats
16 creatures vanquished.

Notes
Turn   | Place    | Note
-------+----------+-------------------------------------------
     0 | D:1      | Ivernyr the Vine Stalker Ice Elementalist began the quest
                  | for the Orb.
     0 | D:1      | Reached XP level 1. HP: 9/9 MP: 4/4
   319 | D:1      | Reached XP level 2. HP: 14/14 MP: 0/6
  1176 | D:2      | Reached XP level 3. HP: 11/17 MP: 2/7
  1324 | D:2      | Found a radiant altar of Vehumet.
  1343 | D:2      | Found an iron altar of Okawaru.
  1345 | D:2      | Slain by a gnoll

Illustrated notes

Levels and vault maps discovered:
D:1:      nicolae_arrival_somewhat_less_tricky_arrival, layout_basic
D:2:      layout_rooms, fiery_altar_vehumet, okawaru_altar_gauntlet_db,
          fedhas_ov_isle_minmay

Action                   || total
-------------------------++-------
Melee: Unarmed           ||     6
       Bite              ||     3
       Short sword       ||     8
 Cast: Freeze            ||    26
  Eat: Chunk             ||     2
Armor: Robe              ||     7
Dodge: Dodged            ||    31
